Description

Simply a double gas opening from INnoVation which is pretty common TvT. I needed a way to follow the build order without having all of the units appear as I went along because that information is implicit. This is an alternative for those of who you also felt the same way from the other DGO that had all the scvs and units being built (the only exception is I show some units at times where certain tech has become available to INno).

Replay - INnoVation v Maru: Game 4 - 킹스 코브 - 래더

Build Order

Get SALT Encoding   

  14  0:18  Supply Depot  
  15  0:29  Refinery  
  16  0:45  Barracks  
  18  1:11  Refinery  
  19  1:32  Reaper, Orbital Command  Innovation builds three reapers, but you could build two instead depending on the opponent.
  20  1:39  Supply Depot  
  20  1:50  Factory  
  22  2:34  Hellion  Two Hellions are built before Tech Lab add-on.
  25  2:41  Command Center  
  26  2:46  Supply Depot  
  29  3:02  Starport  Build next to barracks.
  30  3:10  Barracks Tech Lab  Lift off after completion.
  30  3:17  Factory Tech Lab  
  30  3:41  Barracks Reactor  
  31  3:54  Orbital Command  
  31  3:55  Raven  
  33  4:13  Refinery  
  33  4:15  Cyclone  
  44  4:41  Raven  Swap Starport with Barracks once complete.
  47  4:46  Supply Depot  
  47  4:58  Siege Tank  
  54  5:01  Supply Depot  
  57  5:25  Command Center  
  60  5:39  Stimpack  
  61  5:47  Viking x2  Viking production until air superiority feels sufficient.
  67  5:52  Refinery  
  82  6:38  Orbital Command  
  92  7:00  Barracks x2  
  93  7:11  Engineering Bay x2  
  104  7:50  Barracks x2  
Spawning Tool Build Advisor. Get it on Overwolf

Go to:

Details

  • Created by: DougDemuro
  • Published on: Jun 02, 2019
  • Modified on: Jun 06, 2019
  • Patch: 4.7.1
Show
View Real Time Build Order
Export as new Build Order

Comments (0)

There are no comments. Be the first!

Create an account to comment!